 Dungeon Crawl Stone Soup version 0.24.1-8-ga250c9d538 (webtiles) character file.

Game seed: 4523255307776019214, levelgen mode: deterministic

358 MenacingMecha the Shooter (level 6, -2/52 HPs)
             Began as a Centaur Arcane Marksman on Apr 27, 2020.
             Was an Initiate of Fedhas.
             Slain by a river rat (8 damage)
             ... on level 4 of the Dungeon.
             The game lasted 00:10:41 (5322 turns).

MenacingMecha the Shooter (Centaur Arcane Marksman) Turns: 5322, Time: 00:10:42

Health: -2/52      AC:  7    Str: 15    XL:     6   Next: 37%
Magic:  7/7        EV:  7    Int: 12    God:    Fedhas [......]
Gold:   205        SH:  0    Dex:  9    Spells: 6/7 levels left

rFire    . . .     SeeInvis .   b - +0 mace
rCold    . . .     Gourm    .   (no shield)
rNeg     . . .     Faith    .   k - +0 scale mail
rPois    .         Spirit   .   r - +0 helmet
rElec    .         Reflect  .   (no cloak)
rCorr    .         Harm     .   (no gloves)
MR       .....                  (no barding)
Stlth    ..........             (no amulet)
HPRegen  0.17/turn              (no ring)
MPRegen  0.10/turn              (no ring)

@: very quick
A: large, hooves 3, deformed body, speed 2, tough skin 3
a: Renounce Religion


You were on level 4 of the Dungeon.
You worshipped Fedhas.
Fedhas was noncommittal.
You were not hungry.

You visited 2 branches of the dungeon, and saw 5 of its levels.

You collected 205 gold pieces.

Inventory:

Hand Weapons
 a - a +1 shortbow
 b - a +0 mace (weapon)
 g - a +0 club
 j - a cursed -1 scimitar
Missiles
 c - 93 stones (quivered)
 d - 19 arrows
Armour
 k - a +0 scale mail (worn)
 r - a +0 helmet (worn)
Jewellery
 e - an uncursed amulet of regeneration {unknown}
Scrolls
 i - 3 scrolls of remove curse
 m - 2 scrolls of enchant weapon
 n - 4 scrolls of identify
 p - a scroll of amnesia
Potions
 h - 2 potions of heal wounds
 q - a potion of agility
Comestibles
 f - 9 rations


   Skills:
 + Level 3.7 Fighting
 + Level 1.7 Maces & Flails
 - Level 6.1 Bows
 + Level 1.4 Armour
 - Level 1.3 Dodging
 - Level 1.0 Spellcasting
 - Level 2.6 Hexes


You had 6 spell levels left.
You knew the following spells:

 Your Spells              Type           Power        Failure   Level  Hunger
a - Corona                Hex            #......      36%         1    ##.....

Your spell library contained the following spells:

 Spells                   Type           Power        Failure   Level  Hunger
 Slow                     Hex            #.......     52%         2    ###....
 Inner Flame              Hex/Fire       #.......     90%         3    ####...
 Portal Projectile        Hex/Tloc       #.....       90%         3    ####...
 Cause Fear               Hex            #.........   98%         4    #####..
 Leda's Liquefaction      Hex/Erth       #.........   100%        4    #####..


Dungeon Overview and Level Annotations

Branches:
Dungeon (4/15)             Temple (1/1) D:4

Altars:
Fedhas
Makhleb
Okawaru
Qazlal
Ru
Sif Muna
Trog
Wu Jian
Xom


Innate Abilities, Weirdness & Mutations

You have hooves in place of feet.
Armour fits poorly on your strangely shaped body.
You cover ground very quickly.
You have extremely tough skin. (AC +3)


Message History

* * * LOW HITPOINT WARNING * * *
The river rat bites you but does no damage.
You feel better. The river rat bites you!
* * * LOW HITPOINT WARNING * * *
You hit the river rat.
The river rat is lightly wounded.
The river rat barely misses you.
All of the chunks of flesh in your inventory have rotted away.
You hit the river rat but do no damage.
The river rat is lightly wounded.
The river rat bites you.
* * * LOW HITPOINT WARNING * * *
You hit the river rat but do no damage. You kick the river rat.
The river rat is moderately wounded.
The river rat barely misses you. x2
You hit the river rat. Your kick misses the river rat.
The river rat is severely wounded.
The river rat bites you!
You die...
Fedhas appreciates your contribution to the ecosystem.

#≈ #≈ ##.....## #≈
#.......#
#≈#≈#####.......#
#≈≈r†≈≈# .......#
#########≈###......###
#≈≈≈≈≈≈≈r≈##.........#
#≈≈#≈#≈#####.........#
#.((≈((≈†@...........#
#.$....≈.r...###....###
#...(....$...# #....#
#....$.......# #.)..#
##############
#.##....<. #.# #####.
#.# ###.### # #.....#
#.##


You could see a river rat.

Vanquished Creatures
  2 orc priests
  An iguana (D:3)
  2 orc wizards (D:4)
  7 adders
  4 river rats (D:4)
  2 oozes
  5 worms
  3 dart slugs
  2 leopard geckos (D:1)
  5 orcs
  3 giant cockroaches
  9 goblins
  8 hobgoblins
  6 jackals (D:1)
  6 kobolds
  2 quokkas (D:4)
  11 bats
  8 frilled lizards
  9 rats
95 creatures vanquished.

Notes
Turn   | Place    | Note
-------+----------+-------------------------------------------
     0 | D:1      | MenacingMecha the Centaur Arcane Marksman began the quest
                  | for the Orb.
     0 | D:1      | Reached XP level 1. HP: 16/16 MP: 2/2
   123 | D:1      | Reached skill level 3 in Bows
   244 | D:1      | Reached XP level 2. HP: 20/23 MP: 3/3
   820 | D:1      | Reached skill level 4 in Bows
   997 | D:1      | Reached XP level 3. HP: 25/29 MP: 4/4
  1949 | D:2      | Reached skill level 5 in Bows
  2040 | D:2      | Reached XP level 4. HP: 35/36 MP: 5/5
  2884 | D:3      | Found a shimmering blue altar of Sif Muna.
  2929 | D:3      | Found a shimmering altar of Xom.
  3446 | D:3      | Reached skill level 6 in Bows
  3446 | D:3      | Reached XP level 5. HP: 20/44 MP: 6/6
  4048 | D:3      | Reached skill level 1 in Maces & Flails
  4652 | D:4      | Noticed a phantom
  4660 | D:4      | Found a staircase to the Ecumenical Temple.
  4671 | Temple   | Entered the Ecumenical Temple
  4692 | Temple   | Became a worshipper of Fedhas Madash
  5061 | D:4      | Reached skill level 1 in Armour
  5061 | D:4      | Reached XP level 6. HP: 42/51 MP: 7/7
  5322 | D:4      | Slain by a river rat

Levels and vault maps discovered:
D:1:      psy_arrival_basics, layout_loops_corners
D:2:      layout_rooms, first_ration, minmay_close_crescents
D:3:      layout_loops_ring, lemuel_round_altar, led_sif_book
D:4:      layout_loops_ring, zin_academy, minmay_temple_entry_waves,
          serial_shops, shop_statue, lightli_sewer_entry_pipes,
          minmay_misc_feat_enclosed
Temple:   dshaligram_water_room_temple

Skill      XL: |  1  2  3  4  5 |
---------------+----------------+-----
Bows           | 3 4 5 6 |  6.1
Fighting       | 2 3 |  3.7
Maces & Flails | 1 |  1.7
Armour         | 1 |  1.4
Dodging        | |  1.3
Spellcasting   | |  1.0
Hexes          | |  2.6

Action                   |  1- 3 |  4- 6 || total
-------------------------+-------+-------++-------
Melee: Unarmed           |    32 |       ||    32
       Kick              |    32 |    45 ||    77
       Club              |   130 |       ||   130
       Mace              |     4 |   250 ||   254
 Fire: Shortbow          |     7 |     5 ||    12
Throw: Stone             |    22 |    31 ||    53
  Use: Scroll            |     3 |     3 ||     6
       Potion            |     2 |     3 ||     5
  Eat: Chunk             |     3 |    10 ||    13
Armor: Robe              |    67 |       ||    67
       Scale mail        |    34 |   144 ||   178
Dodge: Dodged            |   127 |   105 ||   232
